 Dungeon Crawl Stone Soup version 0.31.0-32-g396128a36d (webtiles) character file.

Game seed: 15524585690525482601

2716 RobertB the Shield-Bearer (level 9, -1/85 HPs)
             Began as a Troll Fighter on Apr 1, 2024.
             Was a Priest of Dithmenos.
             Succumbed to a gnoll's poison
             ... on level 7 of the Dungeon on Apr 4, 2024.
             The game lasted 02:57:05 (6392 turns).

RobertB the Shield-Bearer (Troll Fighter)           Turns: 6392, Time: 02:57:06

Health: -1/85      AC:  6    Str: 26    XL:     9   Next: 39%
Magic:  8/8        EV: 16    Int:  6    God:    Dithmenos [***...]
Gold:   261        SH:  0    Dex: 11    Spells: 7/8 levels left

rFire   . . .        A - +0 giant spiked club
rCold   + . .        (shield currently unavailable)
rNeg    . . .        o - +2 robe {rC+}
rPois   .            (helmet restricted)
rElec   .            (no cloak)
rCorr   .            (gloves unavailable)
SInv    .            (boots unavailable)
Will    .....        (no amulet)
Stlth   ++           s - +5 ring of evasion
HPRegen 1.14/turn    (no ring)
MPRegen 0.11/turn

%: no passive effects
@: lethally poisoned (-1 -> -15), wreathed by umbra, studying Polearms
A: large, unfitting armour, claws 3, regeneration 1, shaggy fur 1, tough skin 1
a: Renounce Religion, Shadow Step


You were on level 7 of the Dungeon.
You worshipped Dithmenos.
Dithmenos was most pleased with you.
You visited 1 branch of the dungeon, and saw 7 of its levels.

You collected 261 gold pieces.

Inventory:

Hand Weapons
 a - a +0 war axe
 d - a +0 short sword
 g - a +0 hand axe of electrocution
 h - a +2 dagger of holy wrath
 i - a +0 short sword
 j - a +4 morningstar
 l - a +3 dagger of freezing
 m - a +2 dagger of speed
 n - a +0 mace of protection
 r - a +1 dagger of draining
 w - a +2 trident
 x - a +1 whip of electrocution
 y - a +0 war axe of flaming
 A - a +0 giant spiked club (weapon)
Missiles
 f - 2 atropa-tipped darts
 p - 8 poisoned darts (quivered)
 q - 5 javelins
 C - 3 boomerangs
Armour
 b - a +0 robe
 c - a +1 kite shield
 o - a +2 robe of cold resistance (worn)
Jewellery
 s - a +5 ring of evasion (left claw)
Wands
 k - a wand of flame (9)
 u - a wand of charming (8)
Scrolls
 t - a scroll of enchant armour
Potions
 e - 3 potions of cancellation
 v - a potion of haste {unknown}
 B - a potion of degeneration


   Skills:
 + Level 4.3 Fighting
 + Level 3.5 Short Blades
 + Level 2.3(3.6) Axes
 + Level 4.7(5.1) Maces & Flails
 + Level 2.1 Throwing
 + Level 5.2 Dodging
 + Level 1.7 Stealth
 + Level 6.1 Shields
 + Level 0.1 Spellcasting
 + Level 0.2 Translocations
 + Level 1.6 Evocations


You had 7 spell levels left.
You knew the following spells:

 Your Spells              Type           Power      Damage    Failure   Level
a - Apportation           Tloc           0%         N/A       41%         1

Your spell library contained the following spells:

 Spells                   Type           Power      Damage    Failure   Level
 Necrotise                Necr           0%         1d4       45%         1
 Sting                    Conj/Alch      0%         1d3       45%         1
 Summon Small Mammal      Summ           0%         N/A       45%         1
 Volatile Blastmotes      Fire/Tloc      0%         2d10      82%         3
 Dazzling Flash           Conj/Hex       0%         N/A       83%         3
 Starburst                Conj/Fire      0%         6d3       100%        6
 Maxwell's Capacitive Co  Air            0%         ∞         100%        8


Dungeon Overview and Level Annotations

Branches:
Dungeon (7/15)             Temple (0/1) D:6

Altars:
Cheibriados
Dithmenos
Elyvilon
Zin

Shops:
D:5 [


Innate Abilities, Weirdness & Mutations

You are too large for most types of armour.
You have claws for hands.
Your natural rate of healing is unusually fast.
You are covered in fur. (AC +1)
You have tough skin. (AC +1)


Message History

The gnoll hits you from afar with a +0 halberd of venom!
You are more poisoned.
The gnoll bouda barely misses you.
You closely miss the gnoll bouda.
The gnoll bouda is lightly wounded.
You feel extremely sick. The gnoll bouda barely misses you.
The gnoll hits you from afar with a +0 halberd of venom.
You are more poisoned.
You barely miss the gnoll bouda.
The gnoll bouda is lightly wounded.
* * * LOW HITPOINT WARNING * * *
You feel extremely sick. The gnoll bouda misses you.
The gnoll barely misses you. The gnoll bouda closely misses you.
The gnoll misses you.
The gnoll hits you from afar with a +0 halberd of venom!
* * * LOW HITPOINT WARNING * * *
You are more poisoned.
You feel much better.
* * * LOW HITPOINT WARNING * * *
You feel extremely sick.
The gnoll is no longer moving quickly.
The gnoll bouda barely misses you. The gnoll completely misses you.
The gnoll misses you.
Aiming: Charm
Press: ? - help, Shift-Dir - straight line, f - gnoll bouda
Aim: a gnoll bouda, wielding a +0 club and wearing a +0 robe (lightly wounded, umbra, chance to affect: 52%)
The gnoll bouda is charmed.
* * * LOW HITPOINT WARNING * * *
You feel extremely sick. The gnoll misses you.
The gnoll hits you but does no damage.
You are more poisoned.
You bludgeon the gnoll!!
You kill the gnoll!
Dithmenos accepts your kill.
* * * LOW HITPOINT WARNING * * *
You feel extremely sick. The gnoll misses you.
Your gnoll bouda barely misses the gnoll.
Your life force feels restored.
You die...

## ### #. .. # #. ..
.# #. .####.# ### #
g....#### #..
#.#g).....# #.#
#####.#.# #.# #.#
......)@#####.# #.#
#####.......#.######
#.# #######[#...[..#
#.# ####.#....#.#
#.# #....#.##.#.#
#.# #.##...##.#.#
#.# #.##.####.#.#
#.#
#.##.###..#(###..
#....#....#......


You could see a gnoll (ally target) and a friendly gnoll bouda (charmed).

Vanquished Creatures
  The ghost of Peloso the Slasher, a novice MiFi (D:5)
  Menkaure (D:6)
  A water moccasin (D:5)
  3 sky beasts (D:6)
  A black bear (D:7)
  2 ice beasts
  An ogre (D:7)
  2 centaurs
  2 phantoms (D:5)
  2 scorpions
  A bullfrog (D:4)
  3 wights
  A howler monkey (D:6)
  2 bombardier beetles
  2 hounds
  2 jellies (D:6)
  3 orc priests
  3 orc wizards
  Natasha (twice) (D:2)
  4 iguanas
  7 gnolls
  8 adders
  A river rat (D:5)
  2 shadow imps (D:6)
  2 white imps (D:6)
  2 ufetubi (D:6)
  8 ribbon worms
  3 dart slugs
  29 orcs
  6 ball pythons
  7 endoplasms
  4 giant cockroaches
  9 goblins
  6 hobgoblins
  3 kobolds
  7 quokkas
  6 bats
  4 frilled lizards
  4 rats
157 creatures vanquished.

Vanquished Creatures (others)
  2 orc wizards (D:6)
2 creatures vanquished.

Grand Total: 159 creatures vanquished

Notes
Turn   | Place    | Note
-------+----------+-------------------------------------------
     0 | D:1      | RobertB the Troll Fighter began the quest for the Orb.
     0 | D:1      | Reached XP level 1. HP: 22/22 MP: 0/0
   184 | D:1      | Reached XP level 2. HP: 29/29 MP: 1/1
   545 | D:2      | Reached skill level 3 in Shields
   792 | D:2      | Reached XP level 3. HP: 36/36 MP: 2/2
   794 | D:2      | Learned a level 1 spell: Apportation
   940 | D:2      | Noticed Natasha
   954 | D:2      | Killed Natasha
  1041 | D:2      | Noticed Natasha
  1353 | D:2      | Killed Natasha
  1354 | D:2      | Reached XP level 4. HP: 40/44 MP: 3/3
  1521 | D:3      | Found a shadowy altar of Dithmenos.
  1531 | D:3      | Became a worshipper of Dithmenos the Shadowed
  1674 | D:3      | Reached skill level 1 in Short Blades
  2033 | D:3      | Reached XP level 5. HP: 24/53 MP: 4/4
  2410 | D:4      | Found a white marble altar of Elyvilon.
  2423 | D:4      | Reached * piety under Dithmenos
  2430 | D:4      | Found a runed translucent door.
  2529 | D:4      | Noticed Peloso's ghost (novice MiFi)
  2559 | D:5      | Entered Level 5 of the Dungeon
  2580 | D:5      | Killed Peloso's ghost
  2581 | D:5      | Reached skill level 4 in Shields
  2581 | D:5      | Reached XP level 6. HP: 21/61 MP: 5/5
  2581 | D:5      | Reached XP level 7. HP: 23/67 MP: 6/6
  2714 | D:4      | Found a runed translucent door.
  2933 | D:4      | Reached skill level 1 in Throwing
  3234 | D:5      | Reached ** piety under Dithmenos
  3236 | D:5      | Reached skill level 1 in Stealth
  3375 | D:5      | Reached skill level 1 in Evocations
  3599 | D:5      | Reached XP level 8. HP: 75/78 MP: 7/7
  3610 | D:5      | Found Lucanive's Antique Armour Shop.
  3682 | D:5      | Reached skill level 1 in Maces & Flails
  3682 | D:5      | Reached skill level 5 in Shields
  4685 | D:6      | Found a snail-covered altar of Cheibriados.
  4806 | D:6      | Reached XP level 9. HP: 64/83 MP: 8/8
  5082 | D:6      | Found a glowing silver altar of Zin.
  5123 | D:6      | Noticed Menkaure
  5142 | D:6      | Killed Menkaure
  5143 | D:6      | Reached skill level 5 in Dodging
  5143 | D:6      | Reached skill level 6 in Shields
  5417 | D:6      | Found a staircase to the Ecumenical Temple.
  6248 | D:7      | Reached *** piety under Dithmenos
  6391 | D:7      | HP: 4/84 [poisoned by a gnoll]
  6392 | D:7      | Succumbed to a gnoll's poison

Illustrated notes

Levels and vault maps discovered:
D:1:      scummos_arrival_simple_fountains, layout_rooms
D:2:      layout_basic, grunt_ministairs_7, serial_bayou_ford_a,
          ebering_dispersal_statue_hall, minmay_crystal_room, uniq_natasha
D:3:      kb_forest_paths, layout_loops_ring, lemuel_round_altar
D:4:      layout_rooms, elyvilon_altar_3, ebering_ghost_sewer_f
D:5:      layout_loops_ring, serial_shops, nicolae_shop_tiny_statue_garden
D:6:      minmay_diamond_boxcup, layout_basic,
          mainiacjoe_overflow_small_starburst,
          mainiacjoe_overflow_surrounded_room,
          minmay_temple_entry_drinking_statues, uniq_menkaure
D:7:      layout_basic, tso_oasis_becter, serial_shops, nicolae_diamond_shop

Skill      XL: |  1  2  3  4  5  6  7  8  9 |
---------------+----------------------------+-----
Shields        | 3 4 5 6 |  6.1
Axes           | 2 |  2.3
Short Blades   | 1 2 3 |  3.5
Fighting       | 3 4 |  4.3
Dodging        | 3 4 5 |  5.2
Throwing       | 1 2 |  2.1
Stealth        | 1 |  1.7
Evocations     | 1 |  1.6
Maces & Flails | 3 4 |  4.7
Spellcasting   | |  0.1
Translocations | |  0.2

Action                     |  1- 3 |  4- 6 |  7- 9 || total
---------------------------+-------+-------+-------++-------
  Melee: War axe           |    71 |       |       ||    71
         Dagger            |    58 |   181 |   168 ||   407
         Mace              |       |       |   355 ||   355
         Giant spiked club |       |       |    29 ||    29
         Morningstar       |       |       |    17 ||    17
  Throw: Dart              |     2 |     4 |    38 ||    44
   Cast: Apportation       |       |     1 |       ||     1
  Evoke: Wand              |     8 |     7 |    14 ||    29
    Use: Scroll            |     2 |     7 |     4 ||    13
         Potion            |       |     3 |     6 ||     9
   Stab: Sleeping          |     1 |     2 |     3 ||     6
 Armour: Robe              |    76 |    80 |   300 ||   456
  Dodge: Dodged            |    41 |    62 |   369 ||   472
  Block: Kite shield       |    51 |    71 |   261 ||   383
